Philadelphia Phantoms vs Cape Breton Oilers
Created - Thursday, May 2, 2024 at 06:57
Goals
|
| Philadelphia Phantoms |
1 |
1 |
1 |
3 |
| Cape Breton Oilers |
4 |
1 |
3 |
8 |
|
Shots
|
| Philadelphia Phantoms |
10 |
17 |
24 |
51 |
| Cape Breton Oilers |
10 |
17 |
13 |
40 |
|
1st period
1. Cape Breton Oilers , Will Cuylle 21 (Parker Kelly 17, Max Jones 34) at 5:34
2. Cape Breton Oilers , Carl Grundstrom 34 (Brett Seney 51) at 15:57
3. Philadelphia Phantoms , Pontus Holmberg 12 (Lukas Rousek 28) at 16:11
4. Cape Breton Oilers , Jonah Gadjovich 10 (William Trudeau 11) at 18:43
5. Cape Breton Oilers , Luke Evangelista 45 (Alexey Toropchenko 42, Noel Acciari 46) at 18:51
Penalties :
Will Cuylle (CBO) for High sticking (Minor) at 1:16, Will Cuylle (CBO) for Roughing (Minor) at 12:44, Brett Seney (CBO) for Fighting (Major) at 16:02, Juuso Parssinen (PHP) for Fighting (Major) at 16:02
2nd period
6. Cape Breton Oilers , Luke Evangelista 46 (Alexey Toropchenko 43) at 8:49
7. Philadelphia Phantoms , Tye Kartye 24 (Jack McBain 26, Pontus Holmberg 12) at 12:34 (PP)
Penalties :
Luke Evangelista (CBO) for Hooking (Minor) at 0:23, Dylan McIlrath (CBO) for Fighting (Major) at 4:07, Nick Blankenburg (PHP) for Fighting (Major) at 4:07, Will Cuylle (CBO) for High sticking (Minor) at 5:21, Brett Seney (CBO) for Fighting (Major) at 10:37, Alex Steeves (PHP) for Fighting (Major) at 10:37, Brett Seney (CBO) for instigated a fight (Minor) at 10:37, Brett Seney (CBO) for instigated a fight (10 Minutes Misconduct) at 10:37, Kevin Bahl (CBO) for Hooking (Minor) at 16:59
3rd period
8. Cape Breton Oilers , Brett Seney 37 (Carl Grundstrom 45) at 7:25
9. Philadelphia Phantoms , Egor Afanasyev 38 (Lukas Rousek 29, Ethen Frank 56) at 11:35 (PP)
10. Cape Breton Oilers , Jonah Gadjovich 11 (Matt Luff 9, Philip Broberg 35) at 12:50
11. Cape Breton Oilers , Alexey Toropchenko 35 (Luke Evangelista 73) at 17:03
Penalties :
Parker Kelly (CBO) for Fighting (Major) at 0:19, Marcus Bjork (PHP) for Fighting (Major) at 0:19, Leon Gawanke (CBO) for Fighting (Major) at 9:06, Tye Kartye (PHP) for Fighting (Major) at 9:06, Vladislav Kolyachonok (CBO) for Hooking (Minor) at 11:16, Brett Seney (CBO) for Fighting (Major / Game Misconduct) at 19:24, Marcus Bjork (PHP) for Fighting (Major) at 19:24, Brett Seney (CBO) for instigated a fight (Minor) at 19:24, Brett Seney (CBO) for instigated a fight (10 Minutes Misconduct) at 19:24
Goalie Stats
Devin Cooley (PHP), 32 saves from 40 shots - (0.800), L, 15-7-2, 60:00 minutes
Jack Campbell (CBO), 48 saves from 51 shots - (0.941), W, 34-12-3, 60:00 minutes
Players Stats for Philadelphia Phantoms
Player Name G A P +/- PIM S H SB GA TA FO MP PP MP PK MP
------------------------------------------------------------------------------------
Adam Klapka 0 0 0 -3 0 0 1 1 0 2 3/8 12:46 0:00 0:00
Alex Steeves 0 0 0 -3 5 2 2 1 1 2 0/0 11:46 0:09 0:00
Brandon Duhaime 0 0 0 -3 0 1 1 0 1 1 0/2 12:46 0:00 0:00
Casey Fitzgerald 0 0 0 -1 0 0 1 0 0 1 0/0 19:26 3:42 0:00
Egor Afanasyev 1 0 1 -3 0 6 2 0 0 0 1/1 19:38 7:02 0:00
Ethen Frank 0 1 1 -3 0 4 2 1 1 0 20/34 18:40 7:02 0:00
Jack McBain 0 1 1 -1 0 2 3 1 1 2 5/11 16:25 4:52 0:00
Juuso Parssinen 0 0 0 -1 5 5 0 1 1 0 0/0 11:48 0:34 0:00
Louis Crevier 0 0 0 -3 0 1 1 0 0 2 0/0 15:44 0:38 0:00
Lukas Rousek 0 2 2 0 0 5 1 0 0 0 0/0 19:17 6:58 0:00
Marcus Bjork 0 0 0 -1 10 2 3 0 0 1 0/0 20:19 7:51 0:00
Nick Blankenburg 0 0 0 -3 5 3 1 2 0 2 0/0 22:59 6:30 0:00
Nils Aman 0 0 0 0 0 3 3 0 0 0 0/1 11:47 0:00 0:00
Pontus Holmberg 1 1 2 0 0 4 2 0 0 0 9/18 16:34 4:47 0:00
Tim Berni 0 0 0 -3 0 2 1 2 0 1 0/0 15:44 0:38 0:00
Tim Gettinger 0 0 0 -3 0 6 1 0 0 0 0/0 14:01 0:09 0:00
Tye Kartye 1 0 1 -1 5 4 0 0 0 0 1/3 14:52 5:00 0:00
William Borgen 0 0 0 -3 0 1 1 0 1 2 0/0 25:22 5:03 0:00
Players Stats for Cape Breton Oilers
Player Name G A P +/- PIM S H SB GA TA FO MP PP MP PK MP
------------------------------------------------------------------------------------
Alexey Toropchenko 1 2 3 3 0 8 2 1 3 1 4/12 20:35 0:00 5:51
Brett Seney 1 1 2 2 49 3 2 0 0 0 1/4 11:48 0:00 3:45
Carl Grundstrom 1 1 2 1 0 3 2 1 3 0 0/1 11:54 0:00 0:00
Dylan McIlrath 0 0 0 1 5 0 2 5 0 1 0/0 17:48 0:00 5:15
Hudson Fasching 0 0 0 1 0 4 1 1 0 0 0/2 11:54 0:00 0:00
Jonah Gadjovich 2 0 2 2 0 5 1 0 1 0 1/1 9:16 0:00 0:00
Kevin Bahl 0 0 0 3 2 2 1 0 0 0 0/0 24:32 0:00 4:35
Leon Gawanke 0 0 0 1 5 2 0 3 2 0 0/0 20:03 0:00 5:57
Luke Evangelista 2 1 3 3 2 4 0 0 3 1 1/5 19:25 0:00 4:48
Matt Luff 0 1 1 2 0 1 1 1 2 0 0/0 9:16 0:00 0:00
Max Jones 0 1 1 1 0 2 0 0 2 1 1/1 15:38 0:00 3:01
Noel Acciari 0 1 1 3 0 1 0 0 0 0 18/29 20:29 0:00 5:37
Parker Kelly 0 1 1 1 5 0 1 0 0 0 3/8 11:41 0:00 1:09
Philip Broberg 0 1 1 3 0 1 0 1 0 1 0/0 25:05 0:00 5:10
Sam Carrick 0 0 0 2 0 2 1 0 0 0 6/8 9:59 0:00 0:00
Vladislav Kolyachonok 0 0 0 3 2 0 1 2 0 0 0/0 16:01 0:00 0:56
Will Cuylle 1 0 1 0 6 2 2 0 0 0 4/7 15:42 0:00 0:16
William Trudeau 0 1 1 3 0 0 1 3 0 1 0/0 16:36 0:00 2:29
3 Stars
1 - Alexey Toropchenko (CBO)
2 - Luke Evangelista (CBO)
3 - Jonah Gadjovich (CBO)
Power Play
Philadelphia Phantoms - 2 on 8 Attempt(s) - 25.00%
Cape Breton Oilers - 0 on 0 Attempt(s) - 0.00%
Penalty Kill
Philadelphia Phantoms - 0 on 0 Attempt(s) - 0.00%
- Score 0 goal in Penalty Kill
Cape Breton Oilers - 6 on 8 Attempt(s) - 75.00%
- Score 0 goal in Penalty Kill
Team Stat
Philadelphia Phantoms - Hits : 26 - Faceoff Wins : 39 - Blocked Shots : 9 - Penalty Minutes : 30
Cape Breton Oilers - Hits : 18 - Faceoff Wins : 39 - Blocked Shots : 18 - Penalty Minutes : 76
Official
Referees : Chris Rooney and Brad Watson
Linesman : Brad Lazarowich and Shandor Alphonso
Game Notes
Brett Seney and Juuso Parssinen fight to a draw at 16:02 of 1st period
Nick Blankenburg beats up Dylan McIlrath at 4:07 of 2nd period
8:49 of 2nd period - Cape Breton Oilers goal is going for a video replay. After video review, Goal.
Brett Seney and Alex Steeves fight to a draw at 10:37 of 2nd period
Parker Kelly beats up Marcus Bjork at 0:19 of 3rd period
Leon Gawanke beats up Tye Kartye at 9:06 of 3rd period
Brett Seney beats up Marcus Bjork at 19:24 of 3rd period
Brett Seney ejected from game at 19:24 of 3rd period
Philadelphia Phantoms
5 vs 5 Forward
Center Left Wing Right Wing Time % Phy DF OF
1 Jack McBain Tye Kartye Juuso Parssinen 25 1 2 2
2 Ethen Frank Egor Afanasyev Alex Steeves 25 0 2 3
3 Pontus Holmberg Nils Aman Lukas Rousek 25 0 2 3
4 Adam Klapka Tim Gettinger Brandon Duhaime 25 1 2 2
5 vs 5 Defense
Defense Defense Time % Phy DF OF
1 William Borgen Nick Blankenburg 35 1 2 2
2 Tim Berni Louis Crevier 35 1 2 2
3 Marcus Bjork Casey Fitzgerald 30 1 2 2
4 William Borgen Nick Blankenburg 0 1 2 2
PowerPlay Forward
Center Left Wing Right Wing Time % Phy DF OF
1 Ethen Frank Egor Afanasyev Lukas Rousek 60 0 1 4
2 Jack McBain Tye Kartye Pontus Holmberg 40 0 1 4
PowerPlay Defense
Defense Defense Time % Phy DF OF
1 Nick Blankenburg Marcus Bjork 60 0 2 3
2 William Borgen Casey Fitzgerald 40 0 2 3
Penalty Kill 4 Players Forward
Center Wing Time % Phy DF OF
1 Jack McBain Nils Aman 55 0 3 2
2 Adam Klapka Brandon Duhaime 45 0 3 2
Penalty Kill 4 Players Defense
Defense Defense Time % Phy DF OF
1 William Borgen Nick Blankenburg 55 0 4 1
2 Tim Berni Marcus Bjork 45 0 4 1
Penalty Kill - 3 Players Forward
Forward Time % Phy DF OF
1 Jack McBain 50 0 5 0
2 Nils Aman 50 0 5 0
Penalty Kill - 3 Players Defense
Defense Defense Time % Phy DF OF
1 William Borgen Nick Blankenburg 50 0 5 0
2 Tim Berni Marcus Bjork 50 0 5 0
4 vs 4 Forward
Center Wing Time % Phy DF OF
1 Jack McBain Juuso Parssinen 50 0 2 3
2 Ethen Frank Tye Kartye 50 0 2 3
4 vs 4 Defense
Defense Defense Time % Phy DF OF
1 William Borgen Nick Blankenburg 50 1 2 2
2 Tim Berni Louis Crevier 50 1 2 2
Last Minutes Offensive
Center Left Wing Right Wing Defense Defense
Jack McBain Egor Afanasyev Ethen Frank William Borgen Nick Blankenburg
Last Minutes Defensive
Center Left Wing Right Wing Defense Defense
Jack McBain Nils Aman Brandon Duhaime William Borgen Nick Blankenburg
Goaltenders
Starting : Devin Cooley
Backup : Taylor Gauthier
Extra Forwards
Normal : Jack McBain, Juuso Parssinen, Egor Afanasyev - PP : Jack McBain, Juuso Parssinen - PK : Jack McBain
Extra Defensemen
Normal : Nick Blankenburg, William Borgen, Marcus Bjork - PP : Nick Blankenburg - PK : Nick Blankenburg, William Borgen
Penalty Shots
Ethen Frank, Tye Kartye, Lukas Rousek, Alex Steeves, Tim Gettinger
Cape Breton Oilers
5 vs 5 Forward
Center Left Wing Right Wing Time % Phy DF OF
1 Noel Acciari Alexey Toropchenko Luke Evangelista 30 1 2 2
2 Brett Seney Carl Grundstrom Hudson Fasching 30 1 2 2
3 Parker Kelly Will Cuylle Max Jones 25 1 2 2
4 Sam Carrick Jonah Gadjovich Matt Luff 15 1 2 2
5 vs 5 Defense
Defense Defense Time % Phy DF OF
1 Kevin Bahl Philip Broberg 30 1 2 2
2 Dylan McIlrath Leon Gawanke 30 1 2 2
3 Vladislav Kolyachonok William Trudeau 25 1 2 2
4 Kevin Bahl Philip Broberg 15 1 2 2
PowerPlay Forward
Center Left Wing Right Wing Time % Phy DF OF
1 Noel Acciari Alexey Toropchenko Luke Evangelista 50 1 2 2
2 Brett Seney Carl Grundstrom Hudson Fasching 50 1 2 2
PowerPlay Defense
Defense Defense Time % Phy DF OF
1 Kevin Bahl Philip Broberg 50 1 2 2
2 Dylan McIlrath Leon Gawanke 50 1 2 2
Penalty Kill 4 Players Forward
Center Wing Time % Phy DF OF
1 Luke Evangelista Noel Acciari 50 1 2 2
2 Alexey Toropchenko Brett Seney 50 1 2 2
Penalty Kill 4 Players Defense
Defense Defense Time % Phy DF OF
1 Kevin Bahl Philip Broberg 50 1 2 2
2 Dylan McIlrath Leon Gawanke 50 1 2 2
Penalty Kill - 3 Players Forward
Forward Time % Phy DF OF
1 Luke Evangelista 50 1 2 2
2 Noel Acciari 50 1 2 2
Penalty Kill - 3 Players Defense
Defense Defense Time % Phy DF OF
1 Kevin Bahl Philip Broberg 50 1 2 2
2 Dylan McIlrath Leon Gawanke 50 1 2 2
4 vs 4 Forward
Center Wing Time % Phy DF OF
1 Luke Evangelista Noel Acciari 50 1 2 2
2 Alexey Toropchenko Brett Seney 50 1 2 2
4 vs 4 Defense
Defense Defense Time % Phy DF OF
1 Kevin Bahl Philip Broberg 50 1 2 2
2 Dylan McIlrath Leon Gawanke 50 1 2 2
Last Minutes Offensive
Center Left Wing Right Wing Defense Defense
Noel Acciari Alexey Toropchenko Luke Evangelista Kevin Bahl Philip Broberg
Last Minutes Defensive
Center Left Wing Right Wing Defense Defense
Noel Acciari Alexey Toropchenko Luke Evangelista Kevin Bahl Philip Broberg
Goaltenders
Starting : Jack Campbell
Backup : Matt Villalta
Extra Forwards
Normal : Will Cuylle, Parker Kelly, Max Jones - PP : Will Cuylle, Parker Kelly - PK : Max Jones
Extra Defensemen
Normal : Vladislav Kolyachonok, William Trudeau, Dylan McIlrath - PP : Vladislav Kolyachonok - PK : William Trudeau, Dylan McIlrath
Penalty Shots
Luke Evangelista, Noel Acciari, Alexey Toropchenko, Brett Seney, Carl Grundstrom
% Time on Ice - Philadelphia Phantoms
Lines # - Real PCT - Wanted PCT - Time Play
Normal Forward
1 - 25% - 25% - 11:43
2 - 24% - 25% - 11:33
3 - 25% - 25% - 11:47
4 - 27% - 25% - 12:46
Normal Defense
1 - 37% - 35% - 17:32
2 - 34% - 35% - 16:24
3 - 29% - 30% - 13:53
4 - 0% - 0% - 0:00
PP Forward
1 - 60% - 60% - 7:19
2 - 40% - 40% - 4:52
PP Defense
1 - 70% - 60% - 8:29
2 - 30% - 40% - 3:42
PK Forward
1 - 0% - 55%
2 - 0% - 45%
PK Defense
1 - 0% - 55%
2 - 0% - 45%
PK3 Forward
1 - 0% - 50%
2 - 0% - 50%
PK3 Defense
1 - 0% - 50%
2 - 0% - 50%
44 Forward
1 - 0% - 50%
2 - 0% - 50%
44 Defense
1 - 0% - 50%
2 - 0% - 50%
Last Minute Offensive - 0:00
Last Minute Defensive - 0:00
Total
Forward - 60:00
Defense - 60:00
|
% Time on Ice - Cape Breton Oilers
Lines # - Real PCT - Wanted PCT - Time Play
Normal Forward
1 - 29% - 30% - 13:40
2 - 28% - 30% - 13:35
3 - 24% - 25% - 11:18
4 - 19% - 15% - 9:16
Normal Defense
1 - 31% - 30% - 14:42
2 - 31% - 30% - 15:00
3 - 27% - 25% - 12:43
4 - 11% - 15% - 5:24
PP Forward
1 - 0% - 50%
2 - 0% - 50%
PP Defense
1 - 0% - 50%
2 - 0% - 50%
PK Forward
1 - 49% - 50% - 5:57
2 - 51% - 50% - 6:14
PK Defense
1 - 51% - 50% - 6:14
2 - 49% - 50% - 5:57
PK3 Forward
1 - 0% - 50%
2 - 0% - 50%
PK3 Defense
1 - 0% - 50%
2 - 0% - 50%
44 Forward
1 - 0% - 50%
2 - 0% - 50%
44 Defense
1 - 0% - 50%
2 - 0% - 50%
Last Minute Offensive - 0:00
Last Minute Defensive - 0:00
Total
Forward - 60:00
Defense - 60:00
|
Play-by-Play
1st period
0:01 of 1st period - Jack McBain wins face-off versus Noel Acciari in neutral zone.
0:06 of 1st period - Wrist shot by Tye Kartye.
0:06 of 1st period - Shot Misses the Net.
0:26 of 1st period - Ethen Frank is hit by Carl Grundstrom and loses puck.
0:35 of 1st period - Snap shot by Ethen Frank.
0:35 of 1st period - Shot Misses the Net.
1:06 of 1st period - Lukas Rousek is hit by Will Cuylle and loses puck.
1:16 of 1st period - Minor Penalty to Will Cuylle for High sticking.
1:17 of 1st period - Luke Evangelista wins face-off versus Ethen Frank in Cape Breton Oilers zone.
2:07 of 1st period - Jack McBain is hit by Alexey Toropchenko and loses puck.
3:16 of 1st period - Penalty to Will Cuylle is over, Will Cuylle is back on ice.
5:01 of 1st period - Icing by William Borgen.
5:02 of 1st period - Ethen Frank wins face-off versus Noel Acciari in Philadelphia Phantoms zone.
5:07 of 1st period - Slapshot by Ethen Frank.
5:07 of 1st period - Stopped by Jack Campbell with a rebound.
5:25 of 1st period - Jack McBain is hit by Parker Kelly and loses puck.
5:30 of 1st period - Snap shot by Max Jones.
5:30 of 1st period - Shot Misses the Net.
5:32 of 1st period - Snap shot by Parker Kelly.
5:32 of 1st period - Deflect By Will Cuylle.
5:32 of 1st period - Stopped by Devin Cooley with a rebound.
5:34 of 1st period - Snap shot by Will Cuylle.
5:34 of 1st period - Deflect By Marcus Bjork.
5:34 of 1st period - Goal by Will Cuylle - Philadelphia Phantoms : 0 - Cape Breton Oilers : 1.
5:35 of 1st period - Adam Klapka wins face-off versus Noel Acciari in neutral zone.
5:38 of 1st period - Snap shot by Brandon Duhaime.
5:38 of 1st period - Shot Blocked by Alexey Toropchenko.
5:50 of 1st period - Slapshot by Noel Acciari.
5:50 of 1st period - Stopped by Devin Cooley with a rebound.
6:00 of 1st period - Brett Seney is hit by Marcus Bjork and loses puck.
6:11 of 1st period - Snap shot by Jack McBain.
6:11 of 1st period - Stopped by Jack Campbell without a rebound.
6:12 of 1st period - Pontus Holmberg wins face-off versus Noel Acciari in Cape Breton Oilers zone.
6:13 of 1st period - Snap shot by Lukas Rousek.
6:13 of 1st period - Deflect By Pontus Holmberg.
6:13 of 1st period - Shot Misses the Net.
6:13 of 1st period - Puck is out of play.
6:14 of 1st period - Noel Acciari wins face-off versus Pontus Holmberg in Cape Breton Oilers zone.
6:14 of 1st period - Noel Acciari is hit by William Borgen.
7:11 of 1st period - Wrist shot by Hudson Fasching.
7:11 of 1st period - Deflect By Tye Kartye.
7:11 of 1st period - Shot Blocked by Juuso Parssinen.
7:11 of 1st period - Puck is out of play.
7:12 of 1st period - Alexey Toropchenko wins face-off versus Adam Klapka in Philadelphia Phantoms zone.
7:25 of 1st period - Snap shot by Alexey Toropchenko.
7:25 of 1st period - Stopped by Devin Cooley without a rebound.
7:26 of 1st period - Pontus Holmberg wins face-off versus Sam Carrick in Philadelphia Phantoms zone.
7:51 of 1st period - Parker Kelly is hit by Ethen Frank and loses puck.
8:02 of 1st period - Wrist shot by Ethen Frank.
8:02 of 1st period - Shot Misses the Net.
8:04 of 1st period - Snap shot by Ethen Frank.
8:04 of 1st period - Shot Blocked by Vladislav Kolyachonok.
8:20 of 1st period - Backhand shot by Tye Kartye.
8:20 of 1st period - Stopped by Jack Campbell with a rebound.
8:24 of 1st period - Wrist shot by Juuso Parssinen.
8:24 of 1st period - Stopped by Jack Campbell without a rebound.
8:25 of 1st period - Noel Acciari wins face-off versus Brandon Duhaime in Cape Breton Oilers zone.
8:25 of 1st period - Noel Acciari is hit by Adam Klapka.
8:37 of 1st period - Snap shot by Luke Evangelista.
8:37 of 1st period - Shot Misses the Net.
8:55 of 1st period - Snap shot by Carl Grundstrom.
8:55 of 1st period - Deflect By Brett Seney.
8:55 of 1st period - Shot Blocked by Ethen Frank.
8:55 of 1st period - Puck is out of play.
8:56 of 1st period - Ethen Frank wins face-off versus Parker Kelly in Philadelphia Phantoms zone.
9:29 of 1st period - Snap shot by Juuso Parssinen.
9:29 of 1st period - Shot Misses the Net.
9:31 of 1st period - Wrist shot by Juuso Parssinen.
9:31 of 1st period - Stopped by Jack Campbell without a rebound.
9:32 of 1st period - Jack McBain wins face-off versus Hudson Fasching in Cape Breton Oilers zone.
9:35 of 1st period - Snap shot by Jack McBain.
9:35 of 1st period - Stopped by Jack Campbell with a rebound.
9:37 of 1st period - Snap shot by Tye Kartye.
9:37 of 1st period - Shot Blocked by Dylan McIlrath.
9:39 of 1st period - Wrist shot by Jack McBain.
9:39 of 1st period - Shot Misses the Net.
9:41 of 1st period - Slapshot by Marcus Bjork.
9:41 of 1st period - Stopped by Jack Campbell with a rebound.
9:43 of 1st period - Wrist shot by Tye Kartye.
9:43 of 1st period - Shot Misses the Net.
9:45 of 1st period - Snap shot by Jack McBain.
9:45 of 1st period - Shot Misses the Net.
9:47 of 1st period - Wrist shot by Jack McBain.
9:47 of 1st period - Shot Misses the Net.
10:09 of 1st period - Lukas Rousek is hit by Jonah Gadjovich and loses puck.
10:19 of 1st period - Icing by Matt Luff.
10:20 of 1st period - Sam Carrick wins face-off versus Adam Klapka in Cape Breton Oilers zone.
10:31 of 1st period - Wrist shot by Brandon Duhaime.
10:31 of 1st period - Shot Misses the Net.
12:15 of 1st period - Carl Grundstrom is hit by Jack McBain.
12:27 of 1st period - Parker Kelly is hit by Lukas Rousek and loses puck.
12:44 of 1st period - Minor Penalty to Will Cuylle for Roughing.
12:45 of 1st period - Ethen Frank wins face-off versus Luke Evangelista in Cape Breton Oilers zone.
13:39 of 1st period - Noel Acciari is hit by Jack McBain and loses puck.
14:44 of 1st period - Penalty to Will Cuylle is over, Will Cuylle is back on ice.
14:58 of 1st period - Icing by Casey Fitzgerald.
14:59 of 1st period - Sam Carrick wins face-off versus Brandon Duhaime in Philadelphia Phantoms zone.
15:26 of 1st period - Snap shot by Tim Gettinger.
15:26 of 1st period - Stopped by Jack Campbell without a rebound.
15:27 of 1st period - Noel Acciari wins face-off versus Ethen Frank in Cape Breton Oilers zone.
15:27 of 1st period - Noel Acciari is hit by Tim Berni.
15:57 of 1st period - Wrist shot by Carl Grundstrom.
15:57 of 1st period - Goal by Carl Grundstrom - Philadelphia Phantoms : 0 - Cape Breton Oilers : 2.
15:58 of 1st period - Brett Seney wins face-off versus Jack McBain in neutral zone.
16:02 of 1st period - Brett Seney and Juuso Parssinen fight to a draw.
16:02 of 1st period - Penalty to Brett Seney for Fighting.
16:02 of 1st period - Penalty to Juuso Parssinen for Fighting.
16:03 of 1st period - Pontus Holmberg wins face-off versus Will Cuylle in neutral zone.
16:11 of 1st period - Slapshot by Pontus Holmberg.
16:11 of 1st period - Goal by Pontus Holmberg - Philadelphia Phantoms : 1 - Cape Breton Oilers : 2.
16:12 of 1st period - Noel Acciari wins face-off versus Jack McBain in neutral zone.
16:37 of 1st period - Leon Gawanke is hit by Nick Blankenburg.
17:03 of 1st period - Icing by William Trudeau.
17:04 of 1st period - Sam Carrick wins face-off versus Adam Klapka in Cape Breton Oilers zone.
17:22 of 1st period - Slapshot by Tim Gettinger.
17:22 of 1st period - Shot Misses the Net.
17:24 of 1st period - Slapshot by Tim Gettinger.
17:24 of 1st period - Shot Misses the Net.
17:30 of 1st period - Wrist shot by Brandon Duhaime.
17:30 of 1st period - Shot Blocked by William Trudeau.
17:46 of 1st period - Wrist shot by Brandon Duhaime.
17:46 of 1st period - Shot Misses the Net.
18:04 of 1st period - Snap shot by Tim Gettinger.
18:04 of 1st period - Shot Misses the Net.
18:35 of 1st period - Snap shot by Adam Klapka.
18:35 of 1st period - Shot Misses the Net.
18:43 of 1st period - Snap shot by Jonah Gadjovich.
18:43 of 1st period - Goal by Jonah Gadjovich - Philadelphia Phantoms : 1 - Cape Breton Oilers : 3.
18:44 of 1st period - Noel Acciari wins face-off versus Ethen Frank in neutral zone.
18:49 of 1st period - Wrist shot by Luke Evangelista.
18:49 of 1st period - Stopped by Devin Cooley with a rebound.
18:51 of 1st period - Wrist shot by Luke Evangelista.
18:51 of 1st period - Goal by Luke Evangelista - Philadelphia Phantoms : 1 - Cape Breton Oilers : 4.
18:52 of 1st period - Ethen Frank wins face-off versus Parker Kelly in neutral zone.
19:08 of 1st period - Ethen Frank is hit by Dylan McIlrath and loses puck.
19:39 of 1st period - Wrist shot by Alexey Toropchenko.
19:39 of 1st period - Shot Blocked by Nick Blankenburg.
19:41 of 1st period - Slapshot by Kevin Bahl.
19:41 of 1st period - Stopped by Devin Cooley without a rebound.
19:42 of 1st period - Noel Acciari wins face-off versus Ethen Frank in Philadelphia Phantoms zone.
19:45 of 1st period - Slapshot by Alexey Toropchenko.
19:45 of 1st period - Stopped by Devin Cooley without a rebound.
19:46 of 1st period - Will Cuylle wins face-off versus Ethen Frank in Philadelphia Phantoms zone.
19:59 of 1st period - Snap shot by Ethen Frank.
19:59 of 1st period - Stopped by Jack Campbell without a rebound.
Goals for this period are 1 for Philadelphia Phantoms vs 4 for Cape Breton Oilers.
Shots for this period are 10 for Philadelphia Phantoms vs 10 for Cape Breton Oilers.
2nd period
0:01 of 2nd period - Pontus Holmberg wins face-off versus Alexey Toropchenko in neutral zone.
0:04 of 2nd period - Wrist shot by Lukas Rousek.
0:04 of 2nd period - Deflect By Pontus Holmberg.
0:04 of 2nd period - Shot Misses the Net.
0:04 of 2nd period - Puck is out of play.
0:05 of 2nd period - Noel Acciari wins face-off versus Pontus Holmberg in Cape Breton Oilers zone.
0:23 of 2nd period - Minor Penalty to Luke Evangelista for Hooking.
0:24 of 2nd period - Ethen Frank wins face-off versus Alexey Toropchenko in Cape Breton Oilers zone.
0:24 of 2nd period - Slapshot by Lukas Rousek.
0:24 of 2nd period - Shot Misses the Net.
0:26 of 2nd period - Wrist shot by Egor Afanasyev.
0:26 of 2nd period - Stopped by Jack Campbell without a rebound.
0:27 of 2nd period - Ethen Frank wins face-off versus Alexey Toropchenko in Cape Breton Oilers zone.
0:30 of 2nd period - Wrist shot by Egor Afanasyev.
0:30 of 2nd period - Shot Misses the Net.
0:32 of 2nd period - Snap shot by Ethen Frank.
0:32 of 2nd period - Shot Misses the Net.
1:02 of 2nd period - Penalty to Brett Seney is over, Brett Seney is back on ice.
2:23 of 2nd period - Penalty to Luke Evangelista is over, Luke Evangelista is back on ice.
2:29 of 2nd period - Snap shot by Tim Gettinger.
2:29 of 2nd period - Shot Misses the Net.
2:35 of 2nd period - Alexey Toropchenko is hit by Tim Gettinger and loses puck.
2:53 of 2nd period - Alexey Toropchenko is hit by Louis Crevier and loses puck.
3:12 of 2nd period - Nick Blankenburg is hit by Brett Seney and loses puck.
3:19 of 2nd period - Kevin Bahl is hit by Alex Steeves and loses puck.
3:24 of 2nd period - Snap shot by Juuso Parssinen.
3:24 of 2nd period - Stopped by Jack Campbell with a rebound.
3:28 of 2nd period - Snap shot by Alex Steeves.
3:28 of 2nd period - Stopped by Jack Campbell without a rebound.
3:29 of 2nd period - Parker Kelly wins face-off versus Pontus Holmberg in Cape Breton Oilers zone.
3:46 of 2nd period - Parker Kelly is hit by Nils Aman and loses puck.
4:05 of 2nd period - Slapshot by Egor Afanasyev.
4:05 of 2nd period - Deflect By Jack McBain.
4:05 of 2nd period - Shot Misses the Net.
4:05 of 2nd period - Puck is out of play.
4:06 of 2nd period - Sam Carrick wins face-off versus Ethen Frank in Cape Breton Oilers zone.
4:06 of 2nd period - Sam Carrick is hit by Egor Afanasyev.
4:07 of 2nd period - Nick Blankenburg beats up Dylan McIlrath.
4:07 of 2nd period - Penalty to Dylan McIlrath for Fighting.
4:07 of 2nd period - Penalty to Nick Blankenburg for Fighting.
4:08 of 2nd period - Ethen Frank wins face-off versus Parker Kelly in Cape Breton Oilers zone.
4:09 of 2nd period - Wrist shot by Alex Steeves.
4:09 of 2nd period - Shot Misses the Net.
4:15 of 2nd period - Wrist shot by Max Jones.
4:15 of 2nd period - Stopped by Devin Cooley with a rebound.
4:38 of 2nd period - Snap shot by Lukas Rousek.
4:38 of 2nd period - Stopped by Jack Campbell with a rebound.
4:40 of 2nd period - Slapshot by Louis Crevier.
4:40 of 2nd period - Shot Misses the Net.
4:42 of 2nd period - Wrist shot by Nils Aman.
4:42 of 2nd period - Shot Blocked by Hudson Fasching.
4:44 of 2nd period - Wrist shot by Louis Crevier.
4:44 of 2nd period - Deflect By Nils Aman.
4:44 of 2nd period - Shot Misses the Net.
4:44 of 2nd period - Puck is out of play.
4:45 of 2nd period - Noel Acciari wins face-off versus Ethen Frank in Cape Breton Oilers zone.
4:45 of 2nd period - Noel Acciari is hit by Marcus Bjork.
5:11 of 2nd period - Philip Broberg is hit by Casey Fitzgerald and loses puck.
5:21 of 2nd period - Minor Penalty to Will Cuylle for High sticking.
5:22 of 2nd period - Egor Afanasyev wins face-off versus Alexey Toropchenko in Cape Breton Oilers zone.
7:21 of 2nd period - Penalty to Will Cuylle is over, Will Cuylle is back on ice.
7:29 of 2nd period - Louis Crevier is hit by Will Cuylle and loses puck.
7:46 of 2nd period - Brandon Duhaime is hit by Kevin Bahl and loses puck.
7:51 of 2nd period - Wrist shot by Jonah Gadjovich.
7:51 of 2nd period - Shot Misses the Net.
7:53 of 2nd period - Snap shot by Jonah Gadjovich.
7:53 of 2nd period - Deflect By Matt Luff.
7:53 of 2nd period - Shot Misses the Net.
7:53 of 2nd period - Puck is out of play.
7:54 of 2nd period - Jack McBain wins face-off versus Sam Carrick in Philadelphia Phantoms zone.
8:26 of 2nd period - Alex Steeves is hit by Vladislav Kolyachonok and loses puck.
8:47 of 2nd period - Snap shot by Alexey Toropchenko.
8:47 of 2nd period - Stopped by Devin Cooley with a rebound.
8:49 of 2nd period - Wrist shot by Luke Evangelista.
8:49 of 2nd period - Cape Breton Oilers goal is going for a video replay.
8:49 of 2nd period - The goal is good.
8:49 of 2nd period - Goal by Luke Evangelista - Philadelphia Phantoms : 1 - Cape Breton Oilers : 5.
8:50 of 2nd period - Noel Acciari wins face-off versus Ethen Frank in neutral zone.
9:05 of 2nd period - Alex Steeves is hit by Alexey Toropchenko and loses puck.
9:26 of 2nd period - Snap shot by Carl Grundstrom.
9:26 of 2nd period - Stopped by Devin Cooley with a rebound.
9:32 of 2nd period - Brett Seney is hit by Nils Aman and loses puck.
9:45 of 2nd period - Snap shot by Leon Gawanke.
9:45 of 2nd period - Shot Blocked by Nick Blankenburg.
9:47 of 2nd period - Snap shot by William Trudeau.
9:47 of 2nd period - Shot Misses the Net.
9:49 of 2nd period - Slapshot by Leon Gawanke.
9:49 of 2nd period - Stopped by Devin Cooley without a rebound.
9:50 of 2nd period - Jack McBain wins face-off versus Luke Evangelista in Philadelphia Phantoms zone.
10:01 of 2nd period - Snap shot by Tye Kartye.
10:01 of 2nd period - Stopped by Jack Campbell without a rebound.
10:02 of 2nd period - Noel Acciari wins face-off versus Nils Aman in Cape Breton Oilers zone.
10:36 of 2nd period - Hudson Fasching is hit by Ethen Frank.
10:37 of 2nd period - Brett Seney and Alex Steeves fight to a draw.
10:37 of 2nd period - Penalty to Brett Seney for Fighting.
10:37 of 2nd period - Penalty to Alex Steeves for Fighting.
10:37 of 2nd period - Penalty to Brett Seney for instigated a fight.
10:37 of 2nd period - Penalty to Brett Seney for instigated a fight.
10:38 of 2nd period - Ethen Frank wins face-off versus Alexey Toropchenko in Cape Breton Oilers zone.
10:43 of 2nd period - Wrist shot by Lukas Rousek.
10:43 of 2nd period - Deflect By Ethen Frank.
10:43 of 2nd period - Shot Misses the Net.
10:43 of 2nd period - Puck is out of play.
10:44 of 2nd period - Ethen Frank wins face-off versus Alexey Toropchenko in Cape Breton Oilers zone.
10:47 of 2nd period - Slapshot by Lukas Rousek.
10:47 of 2nd period - Stopped by Jack Campbell with a rebound.
11:18 of 2nd period - Wrist shot by Ethen Frank.
11:18 of 2nd period - Shot Blocked by Philip Broberg.
11:30 of 2nd period - Dylan McIlrath is hit by Egor Afanasyev and loses puck.
11:35 of 2nd period - Wrist shot by Lukas Rousek.
11:35 of 2nd period - Shot Hit the Post.
11:45 of 2nd period - Snap shot by Lukas Rousek.
11:45 of 2nd period - Shot Blocked by Leon Gawanke.
11:53 of 2nd period - Wrist shot by Egor Afanasyev.
11:53 of 2nd period - Stopped by Jack Campbell with a rebound.
11:55 of 2nd period - Snap shot by Lukas Rousek.
11:55 of 2nd period - Stopped by Jack Campbell with a rebound.
11:57 of 2nd period - Slapshot by Nick Blankenburg.
11:57 of 2nd period - Stopped by Jack Campbell with a rebound.
11:59 of 2nd period - Wrist shot by Ethen Frank.
11:59 of 2nd period - Shot Misses the Net.
12:01 of 2nd period - Snap shot by Lukas Rousek.
12:01 of 2nd period - Stopped by Jack Campbell with a rebound.
12:03 of 2nd period - Slapshot by Marcus Bjork.
12:03 of 2nd period - Shot Misses the Net.
12:05 of 2nd period - Snap shot by Lukas Rousek.
12:05 of 2nd period - Stopped by Jack Campbell with a rebound.
12:07 of 2nd period - Slapshot by Marcus Bjork.
12:07 of 2nd period - Shot Misses the Net.
12:09 of 2nd period - Wrist shot by Ethen Frank.
12:09 of 2nd period - Shot Blocked by Leon Gawanke.
12:11 of 2nd period - Snap shot by Egor Afanasyev.
12:11 of 2nd period - Shot Misses the Net.
12:19 of 2nd period - Snap shot by Egor Afanasyev.
12:19 of 2nd period - Stopped by Jack Campbell without a rebound.
12:20 of 2nd period - Alexey Toropchenko wins face-off versus Jack McBain in Cape Breton Oilers zone.
12:34 of 2nd period - Snap shot by Tye Kartye.
12:34 of 2nd period - Goal by Tye Kartye - Philadelphia Phantoms : 2 - Cape Breton Oilers : 5.
12:35 of 2nd period - Will Cuylle wins face-off versus Tye Kartye in neutral zone.
13:09 of 2nd period - Snap shot by Alexey Toropchenko.
13:09 of 2nd period - Stopped by Devin Cooley without a rebound.
13:10 of 2nd period - Parker Kelly wins face-off versus Jack McBain in Philadelphia Phantoms zone.
13:11 of 2nd period - Snap shot by Max Jones.
13:11 of 2nd period - Shot Misses the Net.
13:42 of 2nd period - Slapshot by Marcus Bjork.
13:42 of 2nd period - Stopped by Jack Campbell without a rebound.
13:43 of 2nd period - Ethen Frank wins face-off versus Noel Acciari in Cape Breton Oilers zone.
13:44 of 2nd period - Snap shot by Egor Afanasyev.
13:44 of 2nd period - Shot Misses the Net.
13:46 of 2nd period - Wrist shot by Ethen Frank.
13:46 of 2nd period - Stopped by Jack Campbell without a rebound.
13:47 of 2nd period - Noel Acciari wins face-off versus Ethen Frank in Cape Breton Oilers zone.
14:00 of 2nd period - Snap shot by Alexey Toropchenko.
14:00 of 2nd period - Stopped by Devin Cooley with a rebound.
14:38 of 2nd period - Snap shot by Hudson Fasching.
14:38 of 2nd period - Stopped by Devin Cooley with a rebound.
14:46 of 2nd period - Wrist shot by Lukas Rousek.
14:46 of 2nd period - Shot Misses the Net.
15:00 of 2nd period - Wrist shot by Jonah Gadjovich.
15:00 of 2nd period - Stopped by Devin Cooley with a rebound.
15:02 of 2nd period - Slapshot by Jonah Gadjovich.
15:02 of 2nd period - Stopped by Devin Cooley with a rebound.
15:04 of 2nd period - Wrist shot by Jonah Gadjovich.
15:04 of 2nd period - Stopped by Devin Cooley without a rebound.
15:05 of 2nd period - Ethen Frank wins face-off versus Parker Kelly in Philadelphia Phantoms zone.
15:21 of 2nd period - Icing by Nick Blankenburg.
15:22 of 2nd period - Ethen Frank wins face-off versus Will Cuylle in Philadelphia Phantoms zone.
15:22 of 2nd period - Ethen Frank is hit by Carl Grundstrom.
15:28 of 2nd period - Snap shot by Carl Grundstrom.
15:28 of 2nd period - Deflect By Hudson Fasching.
15:28 of 2nd period - Stopped by Devin Cooley with a rebound.
15:30 of 2nd period - Snap shot by Carl Grundstrom.
15:30 of 2nd period - Stopped by Devin Cooley with a rebound.
15:32 of 2nd period - Snap shot by Leon Gawanke.
15:32 of 2nd period - Stopped by Devin Cooley without a rebound.
15:33 of 2nd period - Will Cuylle wins face-off versus Pontus Holmberg in Philadelphia Phantoms zone.
15:40 of 2nd period - Slapshot by Tim Berni.
15:40 of 2nd period - Shot Blocked by Dylan McIlrath.
15:42 of 2nd period - Slapshot by Tim Berni.
15:42 of 2nd period - Stopped by Jack Campbell with a rebound.
15:44 of 2nd period - Wrist shot by Pontus Holmberg.
15:44 of 2nd period - Deflect By Nils Aman.
15:44 of 2nd period - Stopped by Jack Campbell with a rebound.
15:46 of 2nd period - Slapshot by Louis Crevier.
15:46 of 2nd period - Shot Blocked by Dylan McIlrath.
15:48 of 2nd period - Wrist shot by Pontus Holmberg.
15:48 of 2nd period - Deflect By Nils Aman.
15:48 of 2nd period - Shot Misses the Net.
15:48 of 2nd period - Puck is out of play.
15:49 of 2nd period - Noel Acciari wins face-off versus Jack McBain in Cape Breton Oilers zone.
15:57 of 2nd period - Off-side.
15:58 of 2nd period - Jack McBain wins face-off versus Noel Acciari in neutral zone.
16:22 of 2nd period - Snap shot by Luke Evangelista.
16:22 of 2nd period - Shot Misses the Net.
16:24 of 2nd period - Slapshot by Alexey Toropchenko.
16:24 of 2nd period - Stopped by Devin Cooley with a rebound.
16:28 of 2nd period - Slapshot by Luke Evangelista.
16:28 of 2nd period - Stopped by Devin Cooley with a rebound.
16:30 of 2nd period - Snap shot by Alexey Toropchenko.
16:30 of 2nd period - Stopped by Devin Cooley without a rebound.
16:31 of 2nd period - Pontus Holmberg wins face-off versus Will Cuylle in Philadelphia Phantoms zone.
16:50 of 2nd period - Icing by Lukas Rousek.
16:51 of 2nd period - Noel Acciari wins face-off versus Pontus Holmberg in Philadelphia Phantoms zone.
16:59 of 2nd period - Minor Penalty to Kevin Bahl for Hooking.
17:00 of 2nd period - Alexey Toropchenko wins face-off versus Ethen Frank in Cape Breton Oilers zone.
17:25 of 2nd period - William Trudeau is hit by Marcus Bjork and loses puck.
18:59 of 2nd period - Penalty to Kevin Bahl is over, Kevin Bahl is back on ice.
19:40 of 2nd period - Slapshot by Leon Gawanke.
19:40 of 2nd period - Shot Misses the Net.
19:54 of 2nd period - Luke Evangelista is hit by Jack McBain and loses puck.
Goals for this period are 1 for Philadelphia Phantoms vs 1 for Cape Breton Oilers.
Shots for this period are 17 for Philadelphia Phantoms vs 17 for Cape Breton Oilers.
3rd period
0:01 of 3rd period - Parker Kelly wins face-off versus Ethen Frank in neutral zone.
0:04 of 3rd period - Backhand shot by Philip Broberg.
0:04 of 3rd period - Stopped by Devin Cooley without a rebound.
0:05 of 3rd period - Ethen Frank wins face-off versus Parker Kelly in Philadelphia Phantoms zone.
0:16 of 3rd period - Wrist shot by Max Jones.
0:16 of 3rd period - Stopped by Devin Cooley with a rebound.
0:19 of 3rd period - Parker Kelly beats up Marcus Bjork.
0:19 of 3rd period - Penalty to Parker Kelly for Fighting.
0:19 of 3rd period - Penalty to Marcus Bjork for Fighting.
0:20 of 3rd period - Pontus Holmberg wins face-off versus Noel Acciari in Philadelphia Phantoms zone.
0:27 of 3rd period - Wrist shot by Nils Aman.
0:27 of 3rd period - Stopped by Jack Campbell with a rebound.
0:29 of 3rd period - Wrist shot by Nils Aman.
0:29 of 3rd period - Stopped by Jack Campbell without a rebound.
0:30 of 3rd period - Noel Acciari wins face-off versus Pontus Holmberg in Cape Breton Oilers zone.
0:39 of 3rd period - Noel Acciari is hit by Pontus Holmberg and loses puck.
0:56 of 3rd period - Snap shot by Nils Aman.
0:56 of 3rd period - Shot Blocked by Vladislav Kolyachonok.
1:06 of 3rd period - Wrist shot by Lukas Rousek.
1:06 of 3rd period - Shot Blocked by William Trudeau.
1:08 of 3rd period - Snap shot by Pontus Holmberg.
1:08 of 3rd period - Stopped by Jack Campbell with a rebound.
1:10 of 3rd period - Snap shot by Pontus Holmberg.
1:10 of 3rd period - Stopped by Jack Campbell with a rebound.
1:14 of 3rd period - Wrist shot by Nils Aman.
1:14 of 3rd period - Deflect By Vladislav Kolyachonok.
1:14 of 3rd period - Shot Hit the Post.
1:14 of 3rd period - Puck is out of play.
1:15 of 3rd period - Ethen Frank wins face-off versus Noel Acciari in Cape Breton Oilers zone.
1:24 of 3rd period - Snap shot by Egor Afanasyev.
1:24 of 3rd period - Stopped by Jack Campbell without a rebound.
1:25 of 3rd period - Ethen Frank wins face-off versus Noel Acciari in Cape Breton Oilers zone.
3:26 of 3rd period - Alexey Toropchenko is hit by Alex Steeves and loses puck.
3:39 of 3rd period - Slapshot by Pontus Holmberg.
3:39 of 3rd period - Stopped by Jack Campbell without a rebound.
3:40 of 3rd period - Sam Carrick wins face-off versus Pontus Holmberg in Cape Breton Oilers zone.
3:40 of 3rd period - Sam Carrick is hit by Pontus Holmberg.
4:08 of 3rd period - Philip Broberg is hit by Brandon Duhaime and loses puck.
4:51 of 3rd period - Snap shot by Ethen Frank.
4:51 of 3rd period - Stopped by Jack Campbell without a rebound.
4:52 of 3rd period - Max Jones wins face-off versus Ethen Frank in Cape Breton Oilers zone.
5:22 of 3rd period - Wrist shot by Hudson Fasching.
5:22 of 3rd period - Shot Misses the Net.
5:36 of 3rd period - Slapshot by Sam Carrick.
5:36 of 3rd period - Stopped by Devin Cooley without a rebound.
5:37 of 3rd period - 10 Minutes Misconduct Penalty to Brett Seney is over.
5:37 of 3rd period - Jonah Gadjovich wins face-off versus Tye Kartye in Philadelphia Phantoms zone.
5:54 of 3rd period - Tim Berni is hit by Dylan McIlrath and loses puck.
6:16 of 3rd period - Tim Berni is hit by Sam Carrick and loses puck.
6:55 of 3rd period - Snap shot by Juuso Parssinen.
6:55 of 3rd period - Shot Blocked by Matt Luff.
6:57 of 3rd period - Slapshot by Louis Crevier.
6:57 of 3rd period - Stopped by Jack Campbell without a rebound.
6:58 of 3rd period - Adam Klapka wins face-off versus Noel Acciari in Cape Breton Oilers zone.
7:07 of 3rd period - Slapshot by Tim Gettinger.
7:07 of 3rd period - Stopped by Jack Campbell with a rebound.
7:09 of 3rd period - Slapshot by Casey Fitzgerald.
7:09 of 3rd period - Shot Blocked by Dylan McIlrath.
7:11 of 3rd period - Snap shot by Tim Gettinger.
7:11 of 3rd period - Stopped by Jack Campbell without a rebound.
7:12 of 3rd period - Ethen Frank wins face-off versus Brett Seney in Cape Breton Oilers zone.
7:15 of 3rd period - Snap shot by Egor Afanasyev.
7:15 of 3rd period - Deflect By Alex Steeves.
7:15 of 3rd period - Shot Misses the Net.
7:15 of 3rd period - Puck is out of play.
7:16 of 3rd period - Ethen Frank wins face-off versus Hudson Fasching in Cape Breton Oilers zone.
7:23 of 3rd period - Snap shot by Brett Seney.
7:23 of 3rd period - Stopped by Devin Cooley with a rebound.
7:25 of 3rd period - Snap shot by Brett Seney.
7:25 of 3rd period - Goal by Brett Seney - Philadelphia Phantoms : 2 - Cape Breton Oilers : 6.
7:26 of 3rd period - Noel Acciari wins face-off versus Adam Klapka in neutral zone.
7:42 of 3rd period - Slapshot by Brandon Duhaime.
7:42 of 3rd period - Shot Misses the Net.
8:05 of 3rd period - Slapshot by Kevin Bahl.
8:05 of 3rd period - Deflect By Hudson Fasching.
8:05 of 3rd period - Stopped by Devin Cooley with a rebound.
8:07 of 3rd period - Snap shot by Hudson Fasching.
8:07 of 3rd period - Stopped by Devin Cooley with a rebound.
8:59 of 3rd period - Wrist shot by Tye Kartye.
8:59 of 3rd period - Stopped by Jack Campbell with a rebound.
9:01 of 3rd period - Snap shot by Juuso Parssinen.
9:01 of 3rd period - Deflect By Tye Kartye.
9:01 of 3rd period - Shot Blocked by William Trudeau.
9:01 of 3rd period - Puck is out of play.
9:02 of 3rd period - Tye Kartye wins face-off versus Brett Seney in Cape Breton Oilers zone.
9:06 of 3rd period - Leon Gawanke beats up Tye Kartye.
9:06 of 3rd period - Penalty to Leon Gawanke for Fighting.
9:06 of 3rd period - Penalty to Tye Kartye for Fighting.
9:07 of 3rd period - Noel Acciari wins face-off versus Pontus Holmberg in Cape Breton Oilers zone.
9:57 of 3rd period - Snap shot by Sam Carrick.
9:57 of 3rd period - Stopped by Devin Cooley with a rebound.
9:59 of 3rd period - Slapshot by William Trudeau.
9:59 of 3rd period - Shot Misses the Net.
10:01 of 3rd period - Snap shot by Jonah Gadjovich.
10:01 of 3rd period - Shot Blocked by Tim Berni.
11:04 of 3rd period - Snap shot by Tim Gettinger.
11:04 of 3rd period - Shot Blocked by Carl Grundstrom.
11:06 of 3rd period - Snap shot by Tim Gettinger.
11:06 of 3rd period - Stopped by Jack Campbell without a rebound.
11:07 of 3rd period - Pontus Holmberg wins face-off versus Noel Acciari in Cape Breton Oilers zone.
11:16 of 3rd period - Minor Penalty to Vladislav Kolyachonok for Hooking.
11:17 of 3rd period - Ethen Frank wins face-off versus Alexey Toropchenko in Cape Breton Oilers zone.
11:19 of 3rd period - Snap shot by Egor Afanasyev.
11:19 of 3rd period - Deflect By Lukas Rousek.
11:19 of 3rd period - Shot Misses the Net.
11:19 of 3rd period - Puck is out of play.
11:20 of 3rd period - Ethen Frank wins face-off versus Alexey Toropchenko in Cape Breton Oilers zone.
11:25 of 3rd period - Slapshot by Egor Afanasyev.
11:25 of 3rd period - Stopped by Jack Campbell with a rebound.
11:35 of 3rd period - Snap shot by Egor Afanasyev.
11:35 of 3rd period - Goal by Egor Afanasyev - Philadelphia Phantoms : 3 - Cape Breton Oilers : 6.
11:36 of 3rd period - Noel Acciari wins face-off versus Adam Klapka in neutral zone.
11:49 of 3rd period - Snap shot by Luke Evangelista.
11:49 of 3rd period - Deflect By Noel Acciari.
11:49 of 3rd period - Shot Misses the Net.
11:49 of 3rd period - Puck is out of play.
11:50 of 3rd period - Pontus Holmberg wins face-off versus Carl Grundstrom in Philadelphia Phantoms zone.
12:48 of 3rd period - Snap shot by Matt Luff.
12:48 of 3rd period - Stopped by Devin Cooley with a rebound.
12:50 of 3rd period - Slapshot by Jonah Gadjovich.
12:50 of 3rd period - Goal by Jonah Gadjovich - Philadelphia Phantoms : 3 - Cape Breton Oilers : 7.
12:51 of 3rd period - Adam Klapka wins face-off versus Luke Evangelista in neutral zone.
13:59 of 3rd period - Icing by Louis Crevier.
14:00 of 3rd period - Sam Carrick wins face-off versus Ethen Frank in Philadelphia Phantoms zone.
14:01 of 3rd period - Wrist shot by Jonah Gadjovich.
14:01 of 3rd period - Deflect By Sam Carrick.
14:01 of 3rd period - Shot Blocked by Alex Steeves.
14:01 of 3rd period - Puck is out of play.
14:02 of 3rd period - Alexey Toropchenko wins face-off versus Ethen Frank in Philadelphia Phantoms zone.
14:35 of 3rd period - Slapshot by Nick Blankenburg.
14:35 of 3rd period - Stopped by Jack Campbell with a rebound.
14:37 of 3rd period - Wrist shot by Tye Kartye.
14:37 of 3rd period - Shot Blocked by Leon Gawanke.
14:49 of 3rd period - Casey Fitzgerald is hit by Hudson Fasching and loses puck.
15:16 of 3rd period - Louis Crevier is hit by William Trudeau.
15:38 of 3rd period - Snap shot by Philip Broberg.
15:38 of 3rd period - Shot Blocked by Tim Berni.
15:50 of 3rd period - Snap shot by Juuso Parssinen.
15:50 of 3rd period - Stopped by Jack Campbell with a rebound.
15:58 of 3rd period - Snap shot by Juuso Parssinen.
15:58 of 3rd period - Stopped by Jack Campbell with a rebound.
16:36 of 3rd period - Snap shot by Casey Fitzgerald.
16:36 of 3rd period - Shot Blocked by Dylan McIlrath.
16:44 of 3rd period - Leon Gawanke is hit by Nils Aman and loses puck.
17:03 of 3rd period - Slapshot by Alexey Toropchenko.
17:03 of 3rd period - Goal by Alexey Toropchenko - Philadelphia Phantoms : 3 - Cape Breton Oilers : 8.
17:04 of 3rd period - Noel Acciari wins face-off versus Jack McBain in neutral zone.
17:11 of 3rd period - Slapshot by Noel Acciari.
17:11 of 3rd period - Shot Blocked by Jack McBain.
17:31 of 3rd period - William Borgen is hit by Brett Seney and loses puck.
17:36 of 3rd period - Backhand shot by Brett Seney.
17:36 of 3rd period - Stopped by Devin Cooley with a rebound.
17:38 of 3rd period - Wrist shot by Hudson Fasching.
17:38 of 3rd period - Shot Blocked by Adam Klapka.
17:40 of 3rd period - Slapshot by Kevin Bahl.
17:40 of 3rd period - Deflect By Nick Blankenburg.
17:40 of 3rd period - Stopped by Devin Cooley with a rebound.
18:01 of 3rd period - William Borgen is hit by Matt Luff.
18:19 of 3rd period - Wrist shot by Tim Gettinger.
18:19 of 3rd period - Stopped by Jack Campbell with a rebound.
18:21 of 3rd period - Wrist shot by Brandon Duhaime.
18:21 of 3rd period - Stopped by Jack Campbell with a rebound.
18:29 of 3rd period - Snap shot by Brandon Duhaime.
18:29 of 3rd period - Shot Misses the Net.
18:31 of 3rd period - Slapshot by Tim Gettinger.
18:31 of 3rd period - Shot Misses the Net.
18:33 of 3rd period - Snap shot by Adam Klapka.
18:33 of 3rd period - Shot Misses the Net.
18:35 of 3rd period - Wrist shot by Tim Gettinger.
18:35 of 3rd period - Shot Misses the Net.
18:37 of 3rd period - Slapshot by William Borgen.
18:37 of 3rd period - Stopped by Jack Campbell with a rebound.
18:39 of 3rd period - Slapshot by Tim Gettinger.
18:39 of 3rd period - Stopped by Jack Campbell with a rebound.
18:53 of 3rd period - Snap shot by Tim Gettinger.
18:53 of 3rd period - Shot Misses the Net.
18:59 of 3rd period - Snap shot by Tim Gettinger.
18:59 of 3rd period - Shot Misses the Net.
19:01 of 3rd period - Backhand shot by Nick Blankenburg.
19:01 of 3rd period - Stopped by Jack Campbell without a rebound.
19:02 of 3rd period - Ethen Frank wins face-off versus Luke Evangelista in Cape Breton Oilers zone.
19:03 of 3rd period - Wrist shot by Egor Afanasyev.
19:03 of 3rd period - Shot Misses the Net.
19:05 of 3rd period - Wrist shot by Egor Afanasyev.
19:05 of 3rd period - Shot Misses the Net.
19:07 of 3rd period - Slapshot by Tim Berni.
19:07 of 3rd period - Stopped by Jack Campbell with a rebound.
19:17 of 3rd period - Slapshot by Alex Steeves.
19:17 of 3rd period - Stopped by Jack Campbell without a rebound.
19:18 of 3rd period - Pontus Holmberg wins face-off versus Brett Seney in Cape Breton Oilers zone.
19:24 of 3rd period - Brett Seney beats up Marcus Bjork.
19:24 of 3rd period - Penalty to Brett Seney for Fighting.
19:24 of 3rd period - Brett Seney is ejected from game.
19:24 of 3rd period - Penalty to Marcus Bjork for Fighting.
19:24 of 3rd period - Penalty to Brett Seney for instigated a fight.
19:24 of 3rd period - Penalty to Brett Seney for instigated a fight.
19:25 of 3rd period - Will Cuylle wins face-off versus Pontus Holmberg in Cape Breton Oilers zone.
Goals for this period are 1 for Philadelphia Phantoms vs 3 for Cape Breton Oilers.
Shots for this period are 24 for Philadelphia Phantoms vs 13 for Cape Breton Oilers.
Back to the Top